 Dungeon Crawl Stone Soup version 0.21.1-1-g345015f (webtiles) character file.

366 Tr0llz0r the Slasher (level 6, -1/50 HPs)
             Began as a Demonspawn Abyssal Knight on Mar 26, 2018.
             Was a Priest of Lugonu.
             Slain by Kairos's ghost (15 damage)
             ... on level 4 of the Dungeon.
             The game lasted 00:16:48 (4174 turns).

Tr0llz0r the Slasher (Demonspawn Abyssal Knight)    Turns: 4174, Time: 00:16:48

Health: -1/50      AC: 13    Str: 14    XL:     6   Next: 40%
Magic:  8/8        EV: 12    Int: 13    God:    Lugonu [***...]
Gold:   186        SH:  0    Dex: 20    Spells: 5/5 levels left

rFire    . . .     SeeInvis .   a - +1 falchion
rCold    . . .     Gourm    .   (no shield)
rNeg     . . .     Faith    .   o - +0 chain mail
rPois    .         Spirit   .   F - +0 helmet
rElec    .         Reflect  .   (no cloak)
rCorr    .         Harm     .   L - +0 pair of gloves
MR       .....                  (no boots)
Stlth    +.........             (no amulet)
HPRegen  0.16/turn              (no ring)
MPRegen  0.11/turn              (no ring)

@: agile
A: rugged brown scales 2, agile 1, blurry vision 1, nightstalker 1, MP-powered
wands
a: Depart the Abyss, Bend Space, Banish, Renounce Religion


You were on level 4 of the Dungeon.
You worshipped Lugonu.
Lugonu was most pleased with you.
You were not hungry.

You visited 1 branch of the dungeon, and saw 4 of its levels.
You visited the Abyss 1 time.

You collected 186 gold pieces.

Inventory:

Hand Weapons
 a - a +1 falchion (weapon)
 b - a +0 whip
 d - a +0 club
 g - a +0 spear
 h - a +0 dagger
 j - a cursed -2 club
 k - a +0 club
 l - a +0 club
 m - a +0 short sword
 n - a +0 dagger
 y - a +0 flail
 E - a +2 trident of freezing
 G - a +0 mace
Missiles
 e - 147 stones (quivered)
 t - 18 sling bullets
 A - 20 poisoned needles
 J - 5 large rocks
 K - 3 steel javelins
Armour
 o - a +0 chain mail (worn)
 F - a +0 helmet (worn)
 L - a +0 pair of gloves (worn)
Jewellery
 r - an uncursed ring of protection from magic {unknown}
 u - a +5 ring of intelligence {unknown}
 w - an uncursed ring of wizardry {unknown}
Scrolls
 f - 3 scrolls of teleportation
 p - 3 scrolls of amnesia
 q - 2 scrolls of blinking {unknown}
 s - a scroll of remove curse {unknown}
 v - 2 scrolls of random uselessness {unknown}
 x - 3 scrolls of identify
 z - a scroll of fog {unknown}
 B - a scroll of enchant weapon {unknown}
 C - a scroll of magic mapping {unknown}
 D - a scroll of noise {unknown}
 I - a scroll of enchant armour {unknown}
Potions
 i - a potion of agility
Comestibles
 c - 3 rations


   Skills:
 + Level 4.0 Fighting
 + Level 4.3 Long Blades
 + Level 3.4 Armour
 + Level 1.5 Dodging
 + Level 0.3 Stealth
 + Level 3.0 Invocations


You had 5 spell levels left.
You didn't know any spells.

Dungeon Overview and Level Annotations

Branches:
Dungeon (4/15)
 Temple: D:4-7

Altars:
Qazlal
Wu Jian

Annotations:
D:4 Kairos's ghost, amateur DsSk


Innate Abilities, Weirdness & Mutations

You are mostly covered in rugged brown scales. (AC +2, +5% HP)
You are slightly more attuned to the shadows.
You are agile. (Dex +2)
Scrolls take you a little longer to read.
You expend magic power (3 MP) to strengthen your wands.


Message History

The adder bites you but does no damage.
You hit the adder.
You kill the adder!
Lugonu accepts your kill.
Kairos's ghost screams, "Very impressive.
But it won't help.
Nothing will."
Kairos's ghost hits you but does no damage.
Kairos's ghost hits you!
* * * LOW HITPOINT WARNING * * *
It was a potion of agility.
You feel agile all of a sudden. Kairos's ghost closely misses you.
It was a potion of mutation.
You feel extremely strange.
You feel your magical essence link to your wands.
Your vision blurs.
You feel agile.
You feel sick.
You are no longer poisoned.
Kairos's ghost barely misses you.
You hit Kairos's ghost but do no damage.
Kairos's ghost hits you!
You die...

#
##.....#........#....
###.................
###...............
#########.......
##........ ###
##......... #...
#..........
.....##..........
......@..........
.......W.........
..###...........
##......... ##.......
##...... #.....


You could see Kairos's ghost.

Vanquished Creatures
  An ogre (D:4)
  A howler monkey (D:4)
  A crimson imp (D:3)
  A worker ant (D:4)
  Terence (D:3)
  Robin (D:3)
  5 adders
  4 dart slugs
  3 leopard geckos
  An orc (D:4)
  2 ball pythons
  2 giant cockroaches (D:1)
  9 hobgoblins
  12 jackals
  9 bats
  5 frilled lizards
  17 goblins
  9 kobolds
  12 rats
96 creatures vanquished.

Notes
Turn   | Place    | Note
-------+----------+-------------------------------------------
     0 | Abyss:1  | Tr0llz0r the Demonspawn Abyssal Knight began the quest for the Orb.
     0 | Abyss:1  | Reached XP level 1. HP: 18/18 MP: 2/2
     0 | D:1      | Escaped the Abyss
   110 | D:1      | Reached * piety under Lugonu
   121 | D:1      | Gained mutation: You are partially covered in rugged brown scales. (AC +1, +3% HP) [demonic ancestry]
   121 | D:1      | Reached XP level 2. HP: 10/24 MP: 3/3
   781 | D:1      | Gained mutation: You are mostly covered in rugged brown scales. (AC +2, +5% HP) [demonic ancestry]
   781 | D:1      | Reached XP level 3. HP: 14/30 MP: 4/4
  1442 | D:2      | Reached skill level 1 in Dodging
  1450 | D:2      | Reached ** piety under Lugonu
  1715 | D:2      | Reached XP level 4. HP: 30/36 MP: 5/5
  2099 | D:3      | Noticed Terence
  2107 | D:3      | Killed Terence
  2576 | D:3      | Gained mutation: You are slightly more attuned to the shadows. [demonic ancestry]
  2576 | D:3      | Reached XP level 5. HP: 34/43 MP: 6/6
  2657 | D:3      | Noticed Robin
  2673 | D:3      | Reached *** piety under Lugonu
  2692 | D:3      | Killed Robin
  3104 | D:3      | Found a stormy altar of Qazlal.
  3104 | D:3      | Found an ornate altar of the Wu Jian Council.
  3562 | D:4      | Noticed an ogre
  3623 | D:4      | Reached XP level 6. HP: 46/50 MP: 8/8
  4157 | D:4      | Noticed Kairos's ghost (amateur DsSk)
  4173 | D:4      | Gained mutation: You expend magic power (3 MP) to strengthen your wands. [potion of mutation]
  4173 | D:4      | Gained mutation: Scrolls take you a little longer to read. [potion of mutation]
  4173 | D:4      | Gained mutation: You are agile. (Dex +2) [potion of mutation]
  4174 | D:4      | Slain by Kairos's ghost

Skill      XL: |  1  2  3  4  5  6 |
---------------+-------------------+-----
Armour         | 2 3 |  3.4
Long Blades    | 2 3 4 |  4.3
Dodging        | 1 |  1.5
Fighting       | 4 |  4.0
Invocations    | 3 |  3.0
Stealth        | |  0.3

Action                   |  1- 3 |  4- 6 || total
-------------------------+-------+-------++-------
Melee: Falchion          |   137 |   247 ||   384
Invok: Depart the Abyss  |     1 |       ||     1
       Banish            |       |     1 ||     1
  Use: Scroll            |     2 |       ||     2
       Potion            |       |     2 ||     2
  Eat: Ration            |     1 |     3 ||     4
Armor: Leather armour    |    23 |       ||    23
       Ring mail         |    25 |       ||    25
       Chain mail        |   101 |   248 ||   349
Dodge: Dodged            |    99 |   105 ||   204
       Rpst.: Falchion   |    34 |    28 ||    62
